 Dungeon Crawl Stone Soup version 0.28-a0-655-g4eb62b627b (webtiles) character file.

Game seed: 17027164932176130280

25 kipponium the Chopper (level 2, 24/24 HPs)
             Began as a Demonspawn Monk on Oct 12, 2021.
             Was a Believer of Yredelemnul.
             Quit the game on level 1 of the Dungeon.
             The game lasted 00:02:40 (1653 turns).

kipponium the Chopper (Demonspawn Monk)             Turns: 1653, Time: 00:02:41

Health: 24/24      AC:  2    Str: 11    XL:     2   Next: 82%
Magic:  2/2        EV: 12    Int: 11    God:    Yredelemnul [**....]
Gold:   51         SH:  0    Dex: 15    Spells: 1/1 levels left

rFire   . . .      SeeInvis .   a - +0 hand axe
rCold   . . .      Faith    .   (no shield)
rNeg    . . .      Spirit   .   b - +0 robe
rPois   .          Reflect  .   (helmet restricted)
rElec   .          Harm     .   (no cloak)
rCorr   .          Rampage  .   (no gloves)
Will    .....                   (no boots)
Stlth   ++........              (no amulet)
HPRegen 0.08/turn               (no ring)
MPRegen 0.08/turn               (no ring)

@: no status effects
A: antennae 1
a: Renounce Religion, Animate Remains, Recall Undead Slaves, Injury Mirror


You were on level 1 of the Dungeon.
You worshipped Yredelemnul.
Yredelemnul was pleased with you.
You visited 1 branch of the dungeon, and saw 1 of its levels.

You collected 51 gold pieces.

Inventory:

Hand Weapons
 a - a +0 hand axe (weapon)
Armour
 b - a +0 robe (worn)
Scrolls
 c - a scroll of enchant weapon {unknown}
 d - a scroll of identify {unknown}
 f - 3 scrolls of noise {unknown}
 g - a scroll of immolation {unknown}
Potions
 e - a potion of ambrosia {unknown}


   Skills:
 - Level 3.0 Fighting
 + Level 3.7 Axes
 - Level 2.6 Dodging
 - Level 1.7 Stealth


You had one spell level left.
You didn't know any spells.
Your spell library was empty.

Dungeon Overview and Level Annotations

Branches:
Dungeon (1/15)

Altars:
Yredelemnul


Innate Abilities, Weirdness & Mutations

You have a pair of small antennae on your head.


Message History

You miss the bat. The bat closely misses you. The bat hits you.
You see here 10 gold pieces.
The bat barely misses you.
You hit the bat but do no damage. The bat closely misses you.
You hit the bat.
The bat is heavily wounded.
The bat hits you. The bat hits you but does no damage.
You see here 10 gold pieces.
You closely miss the bat.
The bat is heavily wounded.
The bat barely misses you.
You closely miss the bat.
The bat is heavily wounded.
The bat closely misses you.
You hit the bat.
You kill the bat!
Yredelemnul accepts your kill.
You now have 41 gold pieces (gained 10).
You now have 51 gold pieces (gained 10).
A kobold comes into view. It is wielding a +0 club.
The kobold shouts!
The kobold throws a stone.
The stone closely misses you.
You hit the kobold.
You kill the kobold!
Yredelemnul accepts your kill.
Things that are here:
a +0 club; 4 stones
Okay, then.
Found a stone staircase leading down.
There is a stone staircase leading down here.
There is a stone staircase leading down here.
There is a stone staircase leading down here.
Things that are here:
a +0 dagger; 5 stones Done exploring.
Done exploring.
Done exploring.
Done exploring.
Are you sure you want to abandon this character and quit the game? (Confirm with "yes".)

#.......########
#.......#.......
#..##.#.#.######
#..##.....#
#..####.### ###
#..####.# #<#
#.......######.#
###.######.......#
#@....# #.###.###
#.###.# #.# #....
#.# #.# #.###.###
#.###.# #.....# #
#.....# ####### #
##.#### # #.# #
#.# # #.# ###


There were no monsters in sight!

Vanquished Creatures
  A dart slug (D:1)
  3 ball pythons (D:1)
  An endoplasm (D:1)
  2 goblins (D:1)
  2 hobgoblins (D:1)
  A quokka (D:1)
  4 bats (D:1)
  A frilled lizard (D:1)
  3 kobolds (D:1)
  4 rats (D:1)
22 creatures vanquished.

Notes
Turn   | Place    | Note
-------+----------+-------------------------------------------
     0 | D:1      | kipponium the Demonspawn Monk began the quest for the Orb.
     0 | D:1      | Reached XP level 1. HP: 18/18 MP: 1/1
   426 | D:1      | Gained mutation: You have a pair of small antennae on your
                  | head. [demonic ancestry]
   426 | D:1      | Reached XP level 2. HP: 23/24 MP: 2/2
  1168 | D:1      | Found a faded altar of an unknown god.
  1173 | D:1      | Prayed at the altar of an unknown god.
  1173 | D:1      | Became a worshipper of Yredelemnul the Dark
  1173 | D:1      | Reached * piety under Yredelemnul
  1173 | D:1      | Reached ** piety under Yredelemnul
  1653 | D:1      | Quit the game

Illustrated notes

Levels and vault maps discovered:
D:1:      dpeg_arrival_tiny_a, layout_loops_cross,
          shapermc_ecumenical_altar_petra

Skill      XL: |  1 |
---------------+----+-----
Axes           | 3 |  3.7
Fighting       | |  3.0
Dodging        | |  2.6
Stealth        | |  1.7

Action                   || total
-------------------------++-------
Melee: Hand axe          ||    80
 Stab: Sleeping          ||     1
Armor: Robe              ||    16
Dodge: Dodged            ||    60

Table legend: (Time is in decaauts)
 A = Elapsed time spent in this place.
 B = Non-inter-level travel time spent in this place.
 C = Inter-level travel time spent in this place.
 D = Time resting spent in this place.
 E = Time spent auto-exploring this place.
 F = Levels seen in this place.
 G = Mean time per level.
                   A        B        C        D        E       F      G
               +--------+--------+--------+--------+--------+-----+--------+
         Total |   1663 |   1663 |      0 |    788 |    647 |   1 | 1663.0 |
       Dungeon |   1663 |   1663 |      0 |    788 |    647 |   1 | 1663.0 |
               +--------+--------+--------+--------+--------+-----+--------+

Top non-repeatable levels by time:
     D:1: 1663 daAuts
